 Dungeon Crawl Stone Soup version 0.31-a0-675-g238779eb0a (webtiles) character file.

Game seed: 17955508695937849693

1213 qw the Skirmisher (level 8, -3/50 HPs)
             Began as a Gargoyle Hunter on Sept 5, 2023.
             Was an Initiate of Okawaru.
             Shot with an arrow by a centaur (12 damage)
             ... on level 6 of the Dungeon.
             The game lasted 00:01:37 (4362 turns).

qw the Skirmisher (Gargoyle Hunter)                 Turns: 4362, Time: 00:01:37

Health: -3/50      AC: 10    Str: 15    XL:     8   Next: 46%
Magic:  8/8        EV: 12    Int: 10    God:    Okawaru [......]
Gold:   228        SH:  0    Dex: 15    Spells: 7/7 levels left

rFire   . . .        Y - +1 shortbow (elec)
rCold   . . .        (shield currently unavailable)
rNeg    + + .        d - +2 robe {rN+}
rPois   inf          e - +0 helmet
rElec   +            (no cloak)
rCorr   .            (no gloves)
SInv    .            (no boots)
Will    .....        f - amulet of regeneration
Stlth   ++           (no ring)
HPRegen 1.08/turn    (no ring)
MPRegen 0.11/turn

%: no passive effects
@: about to teleport
A: sickness immunity, AC +5, negative energy resistance 1, electricity
resistance, torment resistance 1, petrification resistance
a: Renounce Religion


You were on level 6 of the Dungeon.
You worshipped Okawaru.
Okawaru was noncommittal.
You visited 2 branches of the dungeon, and saw 8 of its levels.

You collected 228 gold pieces.


Innate Abilities, Weirdness & Mutations

You are immune to sickness and miasma.
Your stone body is resilient. (AC +5)
You are immune to poison.
You resist negative energy. (rN+)
You are resistant to electric shocks. (rElec)
You are resistant to unholy torment.
You are immune to petrification.


   Skills:
 + Level 5.6 Fighting
 - Level 9.0 Ranged Weapons
 - Level 1.4 Armour
 - Level 2.4 Dodging
 - Level 1.1 Stealth
 - Level 1.2 Invocations


You had 7 spell levels left.
You didn't know any spells.
Your spell library was empty.

Inventory:

Hand Weapons
 Y - a +1 shortbow of electrocution (weapon)
Armour
 d - a +2 robe of positive energy (worn)
 e - a +0 helmet (worn)
Jewellery
 f - an amulet of regeneration (around neck)
Scrolls
 a - 2 scrolls of identify
 j - 2 scrolls of teleportation
Potions
 b - 3 potions of enlightenment
 c - a potion of mutation
 l - a potion of curing

Dungeon Overview and Level Annotations

Branches:
Dungeon (7/15)             Temple (1/1) D:6

Altars:
Ashenzari
Dithmenos
Elyvilon
Hepliaklqana
Kikubaaqudgha
Makhleb
Nemelex Xobeh
Okawaru
Sif Muna
Trog
Uskayaw
Wu Jian
Zin
The Shining One

Annotations:
D:5 3 runed translucent doors, qw's ghost, novice GrHu
D:6 Jeremiah


Message History

You shoot an arrow. The arrow hits the butterfly.
Lightning courses through the butterfly!
You kill the butterfly!
The butterfly disappears in a burst of colours!
The butterfly disappears in a burst of colours!
The butterfly disappears in a burst of colours!
You feel like a meek peon again.
The butterfly disappears in a burst of colours!
Jeremiah shouts, "O dreadful one, destroy my foe!"
Something smites you!
The butterfly disappears in a burst of colours!
You shoot an arrow. The arrow barely misses the butterfly.
The arrow hits the butterfly!
You kill the butterfly!
The butterfly disappears in a burst of colours!
Jeremiah hops!
You shoot an arrow. The arrow completely misses Jeremiah.
Jeremiah hops!
You shoot an arrow. The arrow closely misses Jeremiah.
Jeremiah barely misses you.
You shoot an arrow. The arrow closely misses Jeremiah.
The butterfly disappears in a burst of colours!
The centaur wields a +0 orcbow.
The centaur shoots an arrow.
The arrow closely misses you.
The arrow hits Jeremiah.
Jeremiah hits you with a +2 trident of draining.
You shoot an arrow. The arrow hits Jeremiah.
Lightning courses through Jeremiah!
Jeremiah is moderately wounded.
The centaur shoots an arrow.
The arrow hits you!
Jeremiah hits you with a +2 trident of draining!
4360 ||| READING 3 scrolls of teleportation.
As you read the scroll of teleportation, it crumbles to dust.
You feel strangely unstable.
Jeremiah wails, "Just end it!
Let me go!"
Jeremiah hits you but does no damage.
You shoot an arrow. The arrow hits Jeremiah.
Jeremiah is moderately wounded.
Jeremiah barely misses you.
You shoot an arrow. The arrow misses Jeremiah.
The centaur shoots an arrow.
The arrow hits you!
You die...

#....(...#
#........#
#........#
#........#
#.....<.[#
#........######
#...........bb##
#........####bF#
#........# ##@#
#.##.##### #.#
#. #. #cb.b# .
.. ##.#b# .# .#
b# ## b. #c


You could see Jeremiah and a centaur.

Vanquished Creatures
  Sigmund (D:3)
  Edmund (D:5)
  A black bear (D:5)
  A centaur (D:7)
  A phantom (D:3)
  2 bullfrogs
  2 scorpions (D:5)
  A hound (D:5)
  3 jellies
  Jessica (D:2)
  3 iguanas (D:5)
  7 gnolls
  8 adders
  A white imp (D:7)
  An ufetubus (D:6)
  A worm (D:3)
  2 dart slugs
  11 orcs
  3 endoplasms
  2 giant cockroaches
  5 goblins
  4 hobgoblins
  6 quokkas
  4 ball pythons
  2 bats
  6 kobolds
  8 rats
88 creatures vanquished.

Notes
Turn   | Place    | Note
-------+----------+-------------------------------------------
     0 | D:1      | qw the Gargoyle Hunter began the quest for the Orb.
     0 | D:1      | Reached XP level 1. HP: 12/12 MP: 1/1
     0 | D:1      | 0 ||| qw: Version: 0.3-a-75-g829b12e
     0 | D:1      | 0 ||| qw: Game counter: 122
     0 | D:1      | 0 ||| qw: Melee chars always use a shield: true
     0 | D:1      | 0 ||| qw: God list: Okawaru
     0 | D:1      | 0 ||| qw: Allow faded altars: false
     0 | D:1      | 0 ||| qw: Do Orc after clearing Dungeon:15 true
     0 | D:1      | 0 ||| qw: Do second Lair branch before Depths: true
     0 | D:1      | 0 ||| qw: Lair rune preference: random
     0 | D:1      | 0 ||| qw: Goals: Normal
     0 | D:1      | 0 ||| PLANNING D:1-11
    64 | D:1      | Found a faded altar of an unknown god.
    84 | D:1      | Reached XP level 2. HP: 17/17 MP: 2/2
   606 | D:1      | 606 ||| UPGRADING to +0 helmet.
   611 | D:1      | 611 ||| UPGRADING to +0 ring mail.
   621 | D:1      | 621 ||| DROPPING +0 leather armour.
   622 | D:1      | 622 ||| DROPPING +6 ring of intelligence.
   623 | D:1      | 623 ||| READING scroll labelled QAODENIASA.
   624 | D:1      | 624 ||| READING scroll labelled ERPHAGHIMME.
   627 | D:1      | 627 ||| READING scroll labelled ITIP ANAEFUJ.
   628 | D:1      | 628 ||| READING scroll labelled VIOSAL COOXEOH.
   629 | D:1      | 629 ||| READING scroll labelled QETHRA SEG LUPS.
   642 | D:1      | 642 ||| DROPPING scroll of butterflies.
   688 | D:2      | Reached XP level 3. HP: 21/21 MP: 3/3
   828 | D:2      | Reached skill level 1 in Armour
  1141 | D:2      | Found a hide-covered altar of Uskayaw.
  1173 | D:2      | Reached skill level 5 in Ranged Weapons
  1187 | D:2      | Reached XP level 4. HP: 27/27 MP: 4/4
  1258 | D:2      | Noticed Jessica
  1267 | D:2      | Killed Jessica
  1268 | D:2      | Reached skill level 3 in Fighting
  1438 | D:2      | 1438 ||| UPGRADING to amulet of the acrobat.
  1443 | D:2      | 1443 ||| READING scroll labelled ISKIWE TENI.
  1444 | D:2      | 1444 ||| READING scroll labelled FIVVOETTIQO.
  1445 | D:2      | 1445 ||| READING scroll labelled PADOGA QEUSSO.
  1446 | D:2      | 1446 ||| DRINKING 3 ruby potions.
  1447 | D:2      | 1447 ||| DROPPING 2 potions of attraction.
  1531 | D:3      | Noticed Sigmund
  1532 | D:3      | 1532 ||| FLEEEEING.
  1533 | D:3      | 1533 ||| FLEEEEING.
  1556 | D:3      | Killed Sigmund
  1557 | D:3      | Reached skill level 6 in Ranged Weapons
  1557 | D:3      | Reached XP level 5. HP: 19/32 MP: 5/5
  1557 | D:3      | Reached XP level 6. HP: 22/37 MP: 6/6
  2658 | D:3      | 2658 ||| UPGRADING to +2 robe of positive energy.
  2668 | D:3      | 2668 ||| DROPPING +0 ring mail.
  2669 | D:3      | 2669 ||| DROPPING ring of wizardry.
  2670 | D:3      | 2670 ||| READING scroll labelled AKUR CAUCOE.
  2671 | D:3      | 2671 ||| READING 5 scrolls of identify.
  2671 | D:3      | 2671 ||| IDENTIFYING bubbling yellow potion
  2672 | D:3      | 2672 ||| READING 4 scrolls of identify.
  2672 | D:3      | 2672 ||| IDENTIFYING clear potion
  2762 | D:4      | Reached XP level 7. HP: 42/44 MP: 7/7
  2769 | D:4      | Reached skill level 7 in Ranged Weapons
  2769 | D:4      | You fall into a shaft and drop 3 floors!
  2780 | D:7      | Found a glowing golden altar of the Shining One.
  2780 | D:7      | Found a white marble altar of Elyvilon.
  2780 | D:7      | Found a glowing silver altar of Zin.
  2875 | D:7      | 2875 ||| SWAPPING to +0 shortbow of electrocution.
  2876 | D:7      | 2876 ||| DROPPING +1 shortbow.
  2911 | D:7      | 2911 ||| DROPPING ring of flight.
  2922 | D:6      | Found a staircase to the Ecumenical Temple.
  2923 | D:6      | 2923 ||| PLANNING TEMPLE
  2931 | Temple   | Entered the Ecumenical Temple
  2932 | Temple   | 2932 ||| PLANNING OKAWARU WORSHIP
  2976 | Temple   | Became a worshipper of Warmaster Okawaru
  2977 | Temple   | 2977 ||| PLANNING D:1-11
  3031 | D:5      | Entered Level 5 of the Dungeon
  3054 | D:5      | 3054 ||| READING scroll of enchant weapon.
  3054 | D:5      | 3054 ||| ENCHANTING +0 shortbow of electrocution.
  3159 | D:5      | 3159 ||| UPGRADING to amulet of regeneration.
  3169 | D:5      | 3169 ||| DROPPING amulet of the acrobat.
  3547 | D:4      | 3547 ||| READING scroll labelled SOTIZO YDIUSU.
  3548 | D:4      | 3548 ||| READING 3 scrolls of identify.
  3548 | D:4      | 3548 ||| IDENTIFYING fizzy clear potion
  3574 | D:5      | Found a runed translucent gate.
  3574 | D:5      | Found a runed translucent gate.
  3576 | D:5      | Found a runed translucent gate.
  3576 | D:5      | Noticed a yak
  3578 | D:5      | Noticed qw's ghost (novice GrHu)
  3606 | D:5      | Noticed Edmund
  3618 | D:5      | Killed Edmund
  3619 | D:5      | Reached skill level 8 in Ranged Weapons
  3687 | D:5      | Reached XP level 8. HP: 49/49 MP: 8/8
  3871 | D:5      | 3871 ||| Stepping ~*~*~tactically~*~*~ (retreating).
  3883 | D:5      | Reached skill level 9 in Ranged Weapons
  3908 | D:5      | Reached * piety under Okawaru
  4175 | D:5      | 4175 ||| READING scroll labelled KUQA OBBIORR.
  4276 | D:5      | 4276 ||| READING 3 scrolls of identify.
  4276 | D:5      | 4276 ||| IDENTIFYING brown potion
  4277 | D:5      | 4277 ||| DROPPING potion of brilliance.
  4298 | D:6      | Reached skill level 1 in Invocations
  4312 | D:6      | Noticed Jeremiah
  4320 | D:6      | 4320 ||| FLEEEEING.
  4336 | D:6      | 4336 ||| INVOKING Heroism.
  4342 | D:6      | 4342 ||| Stepping ~*~*~tactically~*~*~ (outnumbered).
  4359 | D:6      | HP: 6/50 [Jeremiah/+2 trident of draining (9)]
  4360 | D:6      | 4360 ||| READING 3 scrolls of teleportation.
  4362 | D:6      | Shot with an arrow by a centaur

Levels and vault maps discovered:
D:1:      shiori_arrival_elements, layout_basic,
          dreamdust_ecumenical_altar_sealed_demon
D:2:      layout_loops_corners, basic_altar, uniq_jessica
D:3:      layout_basic, minivault_27, uniq_sigmund
D:4:      layout_basic
D:5:      layout_loops_cross, gammafunk_ghost_split, minmay_pentangle,
          uniq_edmund
D:6:      layout_rooms, mainiacjoe_overflow_surrounded_room,
          minmay_temple_entry_purple_smoke, serial_rivers,
          chequers_serial_rivers_room_b, chequers_serial_rivers_micro_c,
          chequers_serial_rivers_small_b, chequers_serial_rivers_large_b,
          uniq_jeremiah
D:7:      layout_loops_corners, dreamdust_divine_triumvirate,
          mainiacjoe_overflow_concentric_impassable, lemuel_crystal_altar,
          uniq_duvessa, uniq_prince_ribbit1
Temple:   minmay_temple_curvy_loop

Skill      XL: |  1  2  3  4  5  6  7  8 |
---------------+-------------------------+-----
Armour         | 1 |  1.4
Ranged Weapons | 5 6 8 9 |  9.0
Fighting       | 3 4 5 |  5.6
Dodging        | 2 |  2.4
Invocations    | 1 |  1.2
Stealth        | |  1.1

Action                     |  1- 3 |  4- 6 |  7- 9 || total
---------------------------+-------+-------+-------++-------
   Fire: Shortbow          |    62 |   131 |   128 ||   321
 Invoke: Heroism           |       |       |     1 ||     1
    Use: Scroll            |     5 |     6 |     6 ||    17
         Potion            |       |     1 |       ||     1
 Armour: Leather armour    |     2 |       |       ||     2
         Ring mail         |     7 |    31 |       ||    38
         Robe              |       |     4 |    40 ||    44
  Dodge: Dodged            |    10 |    38 |    45 ||    93

Table legend:
 A = Non-vault XP
 B = Vault XP
 C = Vault XP percentage of total XP
 D = Non-vault monster count
 E = Vault monster count
 F = Vault count percentage of total count
                 A         B        C        D         E       F
            +---------+---------+-------+---------+---------+-------
      Total |     951 |     783 |  45.2 |      77 |      11 |  12.5
            +---------+---------+-------+---------+---------+-------
        D:1 |      33 |       0 |   0.0 |      13 |       0 |   0.0
        D:2 |      56 |      37 |  39.8 |      11 |       1 |   8.3
        D:3 |     176 |     231 |  56.8 |      20 |       1 |   4.8
        D:4 |     127 |       0 |   0.0 |      15 |       0 |   0.0
        D:5 |     344 |     515 |  60.0 |      14 |       9 |  39.1
        D:6 |      96 |       0 |   0.0 |       2 |       0 |   0.0
        D:7 |     119 |       0 |   0.0 |       2 |       0 |   0.0
            +---------+---------+-------+---------+---------+-------
